 Dungeon Crawl Stone Soup version 0.23.2 (webtiles) character file.

Game seed: 9383673328389044379

1736 sagitran the Slasher (level 8, -1/56 (57) HPs)
             Began as a Demonspawn Chaos Knight on Mar 31, 2019.
             Was a Plaything of Xom.
             Slain by a spatial vortex (4 damage)
             ... summoned by a spatial maelstrom
             ... on level 2 of the Abyss.
             The game lasted 00:24:00 (5756 turns).

sagitran the Slasher (Demonspawn Chaos Knight)      Turns: 5756, Time: 00:24:02

HP:   -1/56 (57)    AC: 11    Str: 15    XL:     8   Next: 76%
MP:   8/8           EV: 12    Int: 13    God:    Xom [...*..]
Gold: 258           SH:  0    Dex: 13    Spells: 4/7 levels left

rFire    + . .     SeeInvis .   a - +0 falchion (chaos)
rCold    + . .     Gourm    .   (no shield)
rNeg     . . .     Faith    +   l - +0 ring mail (curse)
rPois    +         Spirit   .   h - +2 hat
rElec    .         Reflect  .   v - +1 cloak
rCorr    .         Harm     .   (no gloves)
MR       .....                  o - +0 pair of boots
Stlth    +.........             i - amulet of faith
HPRegen  0.18/turn              z - ring of poison resistance
MPRegen  0.11/turn              A - ring of protection from cold

@: no status effects
A: claws 2, fangs 1, blurry vision 1, demonic guardian 2, deterioration 1, fire
resistance 1, frail 1, screaming 1, flame cloud immunity
a: Renounce Religion


You were on level 2 of the Abyss.
You worshipped Xom.
You were a favourite toy of Xom.
You were not hungry.

You visited 1 branch of the dungeon, and saw 6 of its levels.
You visited the Abyss 1 time.
You also visited: Sewer.

You collected 258 gold pieces.

Inventory:

Hand Weapons
 a - a +0 falchion of chaos (weapon)
 p - a +0 blowgun
 s - a +3 quarterstaff of chaos
 w - a +2 mace of venom
Missiles
 q - 46 poisoned needles
Armour
 b - a +2 leather armour
 h - a +2 hat (worn)
 l - a cursed +0 ring mail (worn)
 o - a +0 pair of boots (worn)
 v - a +1 cloak (worn)
Magical Staves
 j - an uncursed staff of wizardry
Jewellery
 g - an uncursed amulet of regeneration
 i - an amulet of faith (around neck)
 z - a ring of poison resistance (left claw)
 A - a ring of protection from cold (right claw)
Wands
 t - a wand of polymorph (8)
Scrolls
 d - a scroll of teleportation
 e - 5 scrolls of fog
 f - a scroll of immolation
 m - 3 scrolls of magic mapping
 r - a scroll of fear
Potions
 k - 2 potions of brilliance
 n - 2 potions of curing
 u - a potion of might
 x - 2 potions of lignification {unknown}
 B - a potion of invisibility {unknown}
 C - a potion of haste
Comestibles
 c - 4 rations


   Skills:
 + Level 5.8 Fighting
 + Level 7.0 Long Blades
 + Level 5.0 Armour
 + Level 3.6 Dodging
 + Level 2.2 Stealth
 + Level 0.5 Evocations


You had 4 spell levels left.
You knew the following spells:

 Your Spells              Type           Power        Failure   Level  Hunger
a - Mephitic Cloud        Conj/Pois/Air  #.......     86%         3    ####...

Your spell library contained the following spells:

 Spells                   Type           Power        Failure   Level  Hunger
 Sting                    Conj/Pois      #...         50%         1    ##.....
 Poisonous Vapours        Pois/Air       #.....       65%         2    ###....
 Olgreb's Toxic Radiance  Pois           #.......     99%         4    #####..
 Venom Bolt               Conj/Pois      #.........   100%        5    ######.


Dungeon Overview and Level Annotations

Branches:
Dungeon (6/15)             Temple (0/1) D:5

Altars:
Fedhas
Xom


Innate Abilities, Weirdness & Mutations

You have very sharp fingernails.
A demonic guardian rushes to your aid.
Your flesh is heat resistant. (rF+)
You are immune to clouds of flame.
You have very sharp teeth.
Scrolls take you a little longer to read.
Your body sometimes deteriorates upon taking damage.
You are frail. (-10% HP)
You occasionally shout uncontrollably at your foes.


Message History

The spatial maelstrom closely misses your soul eater.
The spatial maelstrom hits your soul eater but does no damage. x3
Your soul eater hits the spatial maelstrom!!
You shout at the spatial vortex!
A hell hog and 2 spatial vortices come into view.
You hear an angry squeal. x2
Your quasit barely misses the spatial maelstrom.
Your quasit completely misses the spatial maelstrom.
Your quasit barely misses the spatial maelstrom.
The spatial vortex closely misses your chaos spawn.
The spatial vortex moves out of view.
You shout at the spatial vortex! 2 spatial vortices come into view.
You hit the spatial vortex. You bite the spatial vortex.
The spatial vortex is lightly damaged.
The spatial vortex hits you!
* * * LOW HITPOINT WARNING * * *
Space bends around you.
You die...
Xom chortles!

# ####
.##§####v@##
#...#..#v#3# #.
.#...v5### ##
#. ..3#.....#
.#
..#..##...#.#.#
#.#.... .4.h###
# .#..#
##...####
#.§..# .#...##.
##.#. ##....
... #


You could see a spatial maelstrom, a hell hog, 2 spatial vortices, a friendly
soul eater, a friendly smoke demon, a friendly chaos spawn and a friendly
quasit.

Vanquished Creatures
  An ice beast (D:5)
  2 big kobolds (Sewer)
  A bullfrog (D:6)
  2 small abominations (Abyss:2)
  A centaur zombie (D:5)
  A bullfrog zombie (D:5)
  2 hounds (D:5)
  A jelly (D:5)
  A bullfrog skeleton (D:5)
  3 worker ants
  3 gnolls (D:4)
  16 adders
  9 river rats
  An ooze (Sewer)
  5 worms
  A leopard gecko (D:2)
  7 orcs
  A ball python (Sewer)
  5 bats
  6 giant cockroaches
  8 goblins
  7 hobgoblins
  3 jackals
  5 quokkas (D:5)
  A ball python skeleton (D:4)
  5 frilled lizards
  A jackal zombie (D:3)
  14 kobolds
  30 rats
  A fungus (D:4)
144 creatures vanquished.

Vanquished Creatures (collateral kills)
  Grinder (D:3)
  Sigmund (D:4)
  Duvessa (D:4)
  A swamp drake (D:4)
  An ice beast (D:5)
  A small abomination (Abyss:2)
  5 big kobolds (Sewer)
  Dowan (D:4)
  An ooze (Sewer)
  A rat (Sewer)
14 creatures vanquished.

Grand Total: 158 creatures vanquished

Notes
Turn   | Place    | Note
-------+----------+-------------------------------------------
     0 | D:1      | sagitran the Demonspawn Chaos Knight began the quest for
                  | the Orb.
     0 | D:1      | Reached XP level 1. HP: 18/18 MP: 1/1
    88 | D:1      | XOM: harmless Fire miscast
   626 | D:2      | Reached skill level 3 in Long Blades
   626 | D:2      | Gained mutation: You have sharp fingernails. [demonic
                  | ancestry]
   626 | D:2      | Reached XP level 2. HP: 18/24 MP: 2/2
   666 | D:2      | XOM: mild Fire miscast
   741 | D:2      | Gained mutation: A weak demonic guardian rushes to your
                  | aid. [demonic ancestry]
   741 | D:2      | Reached XP level 3. HP: 18/29 MP: 3/3
   789 | D:2      | XOM: draining
   806 | D:2      | Reached skill level 1 in Dodging
   817 | D:2      | XOM: mild Necr miscast
   998 | D:2      | XOM: harmless Necr miscast
  1070 | D:2      | XOM: medium Erth miscast
  1131 | D:2      | XOM: 3-stop teleportation journey
  1209 | D:2      | Gained mutation: A demonic guardian rushes to your aid.
                  | [demonic ancestry]
  1209 | D:2      | Reached XP level 4. HP: 8/36 MP: 4/4
  1221 | D:2      | XOM: mild Ice miscast
  1282 | D:2      | XOM: mild Air miscast
  1399 | D:3      | Noticed Grinder
  1422 | D:3      | Killed Grinder
  1422 | D:3      | Reached skill level 4 in Long Blades
  1422 | D:3      | Reached skill level 1 in Stealth
  1422 | D:3      | Gained mutation: You have very sharp fingernails. [demonic
                  | ancestry]
  1422 | D:3      | Reached XP level 5. HP: 42/42 MP: 5/5
  1444 | D:3      | XOM: mild Pois miscast
  1625 | D:3      | Found a blossoming altar of Fedhas.
  1625 | D:3      | XOM: give mutations
  1625 | D:3      | Gained mutation: Your body sometimes deteriorates upon
                  | taking damage. [Xom's mischief]
  1625 | D:3      | Gained mutation: You have very sharp teeth. [Xom's
                  | mischief]
  1914 | D:3      | XOM: 2-stop teleportation journey
  1942 | D:3      | Gained mutation: Your flesh is heat resistant. (rF+)
                  | [demonic ancestry]
  1942 | D:3      | Reached XP level 6. HP: 48/48 MP: 6/6
  2097 | D:4      | Found a glowing drain.
  2101 | Sewer    | Entered a sewer
  2106 | Sewer    | XOM: 2-stop teleportation journey
  2352 | Sewer    | XOM: medium Necr miscast
  2466 | Sewer    | XOM: medium Erth miscast
  2674 | Sewer    | Reached skill level 5 in Long Blades
  3071 | Sewer    | XOM: mild Conj miscast
  3132 | Sewer    | Gained mutation: You are immune to clouds of flame.
                  | [demonic ancestry]
  3132 | Sewer    | Reached XP level 7. HP: 42/54 MP: 7/7
  3324 | Sewer    | XOM: cast spell 'Shadow Creatures'
  3542 | D:4      | XOM: blink monster(s)
  3558 | D:4      | XOM: confuse monster(s)
  3590 | D:4      | XOM: 5-stop teleportation journey
  3654 | D:4      | Noticed Duvessa
  3664 | D:4      | Killed Duvessa
  3664 | D:4      | Reached skill level 5 in Fighting
  3665 | D:4      | Noticed Dowan
  3667 | D:4      | Killed Dowan
  3755 | D:4      | Noticed Blork the orc
  3756 | D:4      | Noticed Blork
  3756 | D:4      | Blork the orc changed into Blork the worm
  3779 | D:4      | Killed Blork the worm
  3967 | D:4      | XOM: 4-stop teleportation journey
  3968 | D:4      | You fall through a shaft for 2 floors!
  3992 | D:5      | Entered Level 5 of the Dungeon
  4155 | D:4      | Noticed Sigmund
  4161 | D:4      | Killed Sigmund
  4161 | D:4      | Reached skill level 6 in Long Blades
  4161 | D:4      | Reached XP level 8. HP: 51/62 MP: 8/8
  4210 | D:4      | Found a runed translucent door.
  4211 | D:4      | Noticed Crazy Yiuf
  4223 | D:4      | XOM: butterfly on damage
  4225 | D:4      | Noticed Crazy Yiuf
  4225 | D:4      | Crazy Yiuf changed into Crazy Yiuf the swamp drake
  4227 | D:4      | Killed Crazy Yiuf the swamp drake
  4412 | D:5      | XOM: scenery: create altars
  4421 | D:5      | XOM: blink monster(s)
  4435 | D:5      | XOM: smoke on damage
  4571 | D:5      | XOM: scenery: create altars
  4878 | D:5      | XOM: noise
  4979 | D:5      | XOM: mild Necr miscast
  5017 | D:5      | Learned a level 3 spell: Mephitic Cloud
  5055 | D:5      | XOM: severe Conj miscast
  5055 | D:5      | XOM: smoke on damage
  5324 | D:5      | XOM: give mutations
  5324 | D:5      | Gained mutation: Scrolls take you a little longer to read.
                  | [Xom's mischief]
  5324 | D:5      | Gained mutation: Your body often deteriorates upon taking
                  | damage. [Xom's mischief]
  5337 | D:5      | Found a staircase to the Ecumenical Temple.
  5584 | D:5      | XOM: severe Tloc miscast
  5584 | D:5      | Cast into level 2 of the Abyss (the severe capriciousness
                  | of Xom)
  5636 | Abyss:2  | XOM: give mutations
  5636 | Abyss:2  | Gained mutation: You are dopey. (Int -2) [Xom's mischief]
  5636 | Abyss:2  | Gained mutation: You occasionally shout uncontrollably at
                  | your foes. [Xom's mischief]
  5638 | Abyss:2  | XOM: give mutations
  5638 | Abyss:2  | Gained mutation: You are frail. (-10% HP) [Xom's mischief]
  5638 | Abyss:2  | Lost mutation: Your body often deteriorates upon taking
                  | damage. [Xom's mischief]
  5638 | Abyss:2  | Lost mutation: You are dopey. (Int -2) [Xom's mischief]
  5686 | Abyss:2  | XOM: harmless Conj miscast
  5695 | Abyss:2  | Reached skill level 7 in Long Blades
  5695 | Abyss:2  | Reached skill level 5 in Armour
  5743 | Abyss:2  | Noticed a spatial maelstrom
  5743 | Abyss:2  | XOM: polymorph ice devil -> chaos spawn
  5750 | Abyss:2  | XOM: summons friendly quasit
  5755 | Abyss:2  | Noticed a hell hog
  5756 | Abyss:2  | Slain by a spatial vortex

Skill      XL: |  1  2  3  4  5  6  7  8 |
---------------+-------------------------+-----
Long Blades    | 3 4 5 6 7 |  7.0
Armour         | 2 3 4 5 |  5.0
Dodging        | 1 2 3 |  3.6
Stealth        | 1 2 |  2.2
Fighting       | 4 5 |  5.8
Evocations     | |  0.5

Action                   |  1- 3 |  4- 6 |  7- 9 || total
-------------------------+-------+-------+-------++-------
Melee: Falchion          |    83 |   201 |   257 ||   541
       Bite              |       |    13 |    29 ||    42
Evoke: Wand              |       |       |     3 ||     3
  Use: Scroll            |     2 |     1 |     7 ||    10
       Potion            |       |     3 |     1 ||     4
 Stab: Sleeping          |     1 |       |       ||     1
       Paralysed         |     1 |       |     6 ||     7
       Confused          |       |       |     2 ||     2
       Distracted        |       |       |     1 ||     1
  Eat: Ration            |     1 |     1 |     1 ||     3
       Chunk             |       |     1 |     7 ||     8
Armor: Leather armour    |    19 |       |       ||    19
       Ring mail         |    27 |    95 |   103 ||   225
Dodge: Dodged            |    69 |   131 |   156 ||   356
       Rpst.: Falchion   |    21 |    36 |    46 ||   103
